[Event "Titled Tuesday Blitz February 15 Early 2022"]
[White "Djokic, Mihailo"]
[Black "Jaracz, Pawel"]
[WhiteFideId "976440"]
[BlackFideId "1102222"]
[WhiteElo "2581"]
[BlackElo "2798"]
[Result "0-1"]
[Round "05"]
[TimeControl "180+1"]
[Date "2022.02.15"]
[WhiteClock "0:00:03"]
[BlackClock "0:00:10"]

1. e4 e5 2. Nf3 Nc6 3. Nc3 Nge7 4. d4 exd4 5. Nxd4 Nxd4 6. Qxd4 Nc6 7. Qe3 Bb4 8. Bd2 O-O 9. Be2 d6 10. a3 Bc5 11. Qg3 f5 12. O-O Kh8 13. Rae1 Qf6 14. Bg5 Qf7 15. exf5 Bxf5 16. Bd3 Ne5 17. Bxf5 Qxf5 18. Ne4 Bb6 19. Kh1 Rae8 20. Bd2 Bd4 21. Bc3 Bxc3 22. Nxc3 Qxc2 23. Re2 Qd3 24. Rfe1 Qxg3 25. hxg3 Rd8 26. Nd5 c6 27. Nf4 Rd7 28. Rd1 Nc4 29. a4 g5 30. Nh3 h6 31. b3 Nb6 32. Re6 Kg7 33. Rdxd6 Rfd8 34. Rg6+ Kf7 35. Rdf6+ Ke8 36. Rxh6 Nd5 37. Rfg6 Re7 38. Rh8+ Kd7 39. Rxd8+ Kxd8 40. Nxg5 Re2 41. f4 Ne3 42. Re6 Nf1 43. Rxe2 Nxg3+ 44. Kh2 Nxe2 45. f5 Nd4 46. f6 Nxb3 47. g4 Nd4 48. Kg3 b5 49. axb5 cxb5 50. Kf4 b4 51. Ke4 b3 52. Kxd4 b2 53. Ne6+ Kd7 54. Nc5+ Ke8 55. g5 b1=Q 56. Ne4 Qb4+ 57. Ke5 Qb5+ 58. Ke6 Qd7+ 59. Ke5 Kf7 60. Kf4 Kg6 61. Nc5 Qd6+ 62. Ke4 Qxc5 63. f7 0-1


[Site "https://www.chess.com"]

[Event "Titled Tuesday Blitz February 15 Early 2022"]
[White "Dobrov, Vladimir"]
[Black "Safarli, Eltaj"]
[WhiteFideId "4136594"]
[BlackFideId "13402129"]
[WhiteElo "2614"]
[BlackElo "2634"]
[Result "1-0"]
[Round "05"]
[TimeControl "180+1"]
[Date "2022.02.15"]
[WhiteClock "0:00:18"]
[BlackClock "0:00:02"]

1. d4 Nf6 2. c4 g6 3. Nc3 d5 4. cxd5 Nxd5 5. e4 Nxc3 6. bxc3 Bg7 7. Nf3 c5 8. Rb1 O-O 9. Be2 Nd7 10. O-O Nf6 11. Qd3 b6 12. Bg5 Qc7 13. d5 Bg4 14. h3 Bxf3 15. Bxf3 Rfe8 16. c4 Nd7 17. Qc2 Bd4 18. Kh1 Qe5 19. Bh4 Qg7 20. Bg4 Ne5 21. Be2 g5 22. Bg3 Ng6 23. a4 Be5 24. Bxe5 Qxe5 25. g3 e6 26. Bf3 exd5 27. exd5 Rad8 28. a5 Rd6 29. axb6 axb6 30. Rb3 Rf6 31. Re3 Qb8 32. Rfe1 Rxe3 33. Rxe3 Kg7 34. Qb2 Qd8 35. Kg2 h6 36. Be4 Nf8 37. Bf5 Kg8 38. g4 Rd6 39. Qe5 Qf6 40. Qxf6 Rxf6 41. Kf3 Ng6 42. Re8+ Kg7 43. Ke4 Nh4 44. Rc8 h5 45. f3 hxg4 46. hxg4 Ng2 47. Rc6 Nf4 48. Ke5 Ng6+ 49. Bxg6 Rxf3 50. Bf5 Re3+ 51. Kd6 Re1 52. Kc7 b5 1-0


[Site "https://www.chess.com"]

[Event "Titled Tuesday Blitz February 15 Early 2022"]
[White "Domingo Nunez, Alejandro"]
[Black "Deuer, Marius"]
[WhiteFideId "22245561"]
[BlackFideId "16236432"]
[WhiteElo "2215"]
[BlackElo "2091"]
[Result "1-0"]
[Round "05"]
[TimeControl "180+1"]
[Date "2022.02.15"]
[WhiteClock "0:02:55"]
[BlackClock "0:01:22"]

1. Nf3 g6 2. g3 Bg7 3. d4 d5 4. Bg2 Nf6 5. O-O Nbd7 6. Re1 O-O 7. Nc3 c6 8. e4 dxe4 9. Nxe4 Nxe4 10. Rxe4 Nf6 11. Re1 Bf5 12. c3 Re8 13. Qb3 a5 14. Ne5 e6 15. Qxb7 Rb8 16. Qxf7+ Kh8 17. Nxc6 1-0


[Site "https://www.chess.com"]

[Event "Titled Tuesday Blitz February 15 Early 2022"]
[White "Dushyant Sharma"]
[Black "Sadhwani, Raunak"]
[WhiteFideId "25065130"]
[BlackFideId "35093487"]
[WhiteElo "2449"]
[BlackElo "2935"]
[Result "0-1"]
[Round "05"]
[TimeControl "180+1"]
[Date "2022.02.15"]
[WhiteClock "0:00:01"]
[BlackClock "0:00:19"]

1. e4 e5 2. Nf3 Nc6 3. Nc3 Nf6 4. Bb5 Bd6 5. d3 O-O 6. Bg5 h6 7. Be3 a6 8. Ba4 b5 9. Bb3 Na5 10. Qd2 Nxb3 11. axb3 Ng4 12. Nxb5 Nxe3 13. fxe3 Be7 14. Nxe5 Bh4+ 15. g3 Bf6 16. Nf3 Bxb2 17. Ra2 Bf6 18. Nc3 c6 19. O-O d6 20. d4 Qe7 21. Qd3 a5 22. Rfa1 Bg4 23. Nd2 h5 24. Rxa5 Rxa5 25. Rxa5 h4 26. Nc4 hxg3 27. hxg3 Bg5 28. Kg2 f5 29. e5 d5 30. Nd6 Qe6 31. Ra7 Qh6 32. Ne2 Bxe3 33. Ng1 f4 34. gxf4 Bxf4 35. c4 Qh2+ 36. Kf1 Bg3+ 37. Nf7 Qf2# 0-1


[Site "https://www.chess.com"]

[Event "Titled Tuesday Blitz February 15 Early 2022"]
[White "Einarsson, Halldor Gretar"]
[Black "Saim, Mohamed Ilias"]
[WhiteFideId "2300150"]
[BlackFideId "7900465"]
[WhiteElo "2114"]
[BlackElo "2006"]
[Result "0-1"]
[Round "05"]
[TimeControl "180+1"]
[Date "2022.02.15"]
[WhiteClock "0:00:02"]
[BlackClock "0:00:05"]

1. d4 Nf6 2. c4 e6 3. Nf3 d5 4. g3 Be7 5. Bg2 O-O 6. O-O b6 7. cxd5 exd5 8. Ne5 Bb7 9. Nc3 Nbd7 10. Qa4 Nxe5 11. dxe5 Nd7 12. Nxd5 Bc5 13. Rd1 c6 14. Nb4 Bxb4 15. Qxb4 Qc7 16. Qd6 Qxd6 17. exd6 Rad8 18. Bg5 f6 19. Be3 Rfe8 20. Rac1 Ne5 21. Bf4 g5 22. Bxe5 Rxe5 23. e3 Re6 24. Bxc6 Bxc6 25. Rxc6 Kf8 26. Kg2 Ke8 27. f4 Kd7 28. Rc7+ Ke8 29. Rxh7 Rxe3 30. Kf2 Re6 31. d7+ Kf8 32. Rh8+ Ke7 33. Rxd8 Kxd8 34. fxg5 Re7 0-1


[Site "https://www.chess.com"]

[Event "Titled Tuesday Blitz February 15 Early 2022"]
[White "Erigaisi Arjun"]
[Black "Lodici, Lorenzo"]
[WhiteFideId "35009192"]
[BlackFideId "884189"]
[WhiteElo "2745"]
[BlackElo "2265"]
[Result "0-1"]
[Round "05"]
[TimeControl "180+1"]
[Date "2022.02.15"]
[WhiteClock "0:00:09"]
[BlackClock "0:00:05"]

1. g3 e5 2. c4 c6 3. Nf3 d6 4. Nc3 f5 5. d3 Nf6 6. Bg2 g6 7. O-O Bg7 8. b4 O-O 9. Qb3 Kh8 10. b5 Nbd7 11. Ba3 Qe7 12. Nd2 c5 13. Nd5 Nxd5 14. cxd5 f4 15. Bb2 g5 16. Ne4 g4 17. f3 gxf3 18. exf3 Nf6 19. g4 Bd7 20. a4 Rfc8 21. Qc4 Be8 22. Rfe1 Bf7 23. Nc3 Qf8 24. g5 Ne8 25. Bh3 Rd8 26. a5 Qg8 27. Be6 Bf8 28. Bxf7 Qxf7 29. b6 a6 30. Ne4 Ng7 31. Nf6 Be7 32. Ne4 Qh5 33. Rf1 Bxg5 34. Qc3 Rac8 35. Rae1 Be7 36. Kh1 Nf5 37. Qd2 Nd4 38. Bxd4 cxd4 39. Rc1 Qf7 40. Rc7 Rxc7 41. bxc7 Rc8 42. Rc1 Qxd5 43. Qg2 Qe6 44. Qb2 d5 45. Nf2 Bh4 46. Ng4 h5 47. Nxe5 Qxe5 48. Qxb7 Qe6 49. Qb6 Qf6 50. Rc6 Qf7 51. Rh6+ Kg7 52. Rc6 Bf6 53. Qxa6 Qd7 54. Qb6 Qf5 55. a6 Re8 56. Rc1 Qxd3 57. Rg1+ Kf7 58. Kg2 Re2+ 59. Kh3 Qxf3+ 60. Rg3 fxg3 61. Qxf6+ Kxf6 62. c8=Q Qg4+ 63. Qxg4 hxg4+ 64. Kxg3 Re3+ 65. Kxg4 Ra3 66. a7 Rxa7 0-1


[Site "https://www.chess.com"]

[Event "Titled Tuesday Blitz February 15 Early 2022"]
[White "FGHSMN"]
[Black "Ozkan, Taha"]
[BlackFideId "34577173"]
[WhiteElo "2714"]
[BlackElo "2551"]
[Result "0-1"]
[Round "05"]
[TimeControl "180+1"]
[Date "2022.02.15"]
[WhiteClock "0:00:15"]
[BlackClock "0:00:29"]

1. e4 e6 2. d4 d5 3. Nc3 Bb4 4. exd5 exd5 5. Bd3 Nc6 6. Nf3 Bg4 7. h3 Bxf3 8. Qxf3 Nxd4 9. Qg4 Bxc3+ 10. bxc3 Ne6 11. Ba3 Nf6 12. Qa4+ c6 13. Bb5 cxb5 14. Qxb5+ Qd7 15. Qb3 b6 16. O-O Rc8 17. Rfe1 Ne4 18. Rad1 N4c5 19. Bxc5 Rxc5 20. c4 dxc4 21. Qg3 Rd5 22. Rxd5 Qxd5 23. Qxg7 Rf8 24. Qxh7 Qg5 25. Qe4 Rg8 26. g3 Kf8 27. Qxc4 Qc5 28. Qd3 Kg7 29. Re4 Rd8 30. Rg4+ Kf8 31. Qf3 Qxc2 32. Qa3+ Qc5 33. Qxa7 Rd1+ 34. Kg2 Qd5+ 35. f3 Qd2# 0-1


[Site "https://www.chess.com"]

[Event "Titled Tuesday Blitz February 15 Early 2022"]
[White "Federzoni, Enzo"]
[Black "Dev, Shah"]
[WhiteFideId "2173301"]
[BlackFideId "35019058"]
[WhiteElo "1956"]
[BlackElo "2098"]
[Result "0-1"]
[Round "05"]
[TimeControl "180+1"]
[Date "2022.02.15"]
[WhiteClock "0:00:49"]
[BlackClock "0:00:19"]

1. d4 d5 2. Nf3 Nf6 3. c4 c6 4. cxd5 cxd5 5. Nc3 Nc6 6. e3 Bf5 7. Qb3 Rb8 8. Ne5 e6 9. Bb5 Qc7 10. Nxc6 bxc6 11. Bxc6+ Kd8 12. Qa4 Bb4 13. Bd2 Ke7 14. Rc1 Qa5 15. Qxa5 Bxa5 16. Nxd5+ exd5 17. Bxa5 Rxb2 18. a3 Bd3 19. Bc3 Ra2 20. a4 Rc8 21. Bb4+ Ke6 22. Bxd5+ Nxd5 23. Rxc8 Nxb4 24. Rc1 Rxa4 25. h4 Ra2 26. Rh3 Re2+ 27. Kd1 Rxf2 28. Rc5 Be2+ 29. Ke1 Nd3+ 30. Kd2 Nxc5 0-1


[Site "https://www.chess.com"]

[Event "Titled Tuesday Blitz February 15 Early 2022"]
[White "Ferreira, Vitor Hugo Vieira"]
[Black "Abramov, Alexander"]
[WhiteFideId "2119765"]
[BlackFideId "4174089"]
[WhiteElo "2216"]
[BlackElo "2116"]
[Result "1-0"]
[Round "05"]
[TimeControl "180+1"]
[Date "2022.02.15"]
[WhiteClock "0:01:18"]
[BlackClock "0:00:01"]

1. Nf3 Nf6 2. g3 g6 3. Bg2 Bg7 4. O-O O-O 5. c3 e6 6. d4 d5 7. Nbd2 Nbd7 8. Re1 c5 9. e4 cxd4 10. e5 dxc3 11. exf6 cxd2 12. Bxd2 Bxf6 13. Bh6 Bg7 14. Bg5 Qb6 15. Re2 h6 16. Be3 Qa6 17. Qd2 Kh7 18. h4 Nb6 19. Bd4 Nc4 20. Qc3 Bxd4 21. Qxd4 Qb6 22. Qf6 Qd8 23. Qd4 Qb6 24. Qf6 Qd8 25. Qf4 Kg7 26. b3 Nd6 27. h5 Nf5 28. hxg6 fxg6 29. Qe5+ Qf6 30. Qc7+ Rf7 31. Qc1 Nd4 32. Re3 Bd7 33. Qd1 Nf5 34. Re2 Raf8 35. Ne5 Bc6 36. Nxf7 Rxf7 37. Rc1 Nd6 38. Qd2 Ne4 39. Qe3 Ng5 40. f4 Ne4 41. Kh2 h5 42. Qxa7 Qe7 43. Qd4+ Nf6 44. f5 gxf5 45. Rce1 1-0


[Site "https://www.chess.com"]

[Event "Titled Tuesday Blitz February 15 Early 2022"]
[White "Firat, Burak"]
[Black "Dubov, Daniil"]
[WhiteFideId "6305881"]
[BlackFideId "24126055"]
[WhiteElo "2419"]
[BlackElo "2791"]
[Result "1/2-1/2"]
[Round "05"]
[TimeControl "180+1"]
[Date "2022.02.15"]
[WhiteClock "0:00:12"]
[BlackClock "0:00:08"]

1. Nf3 Nf6 2. c4 g6 3. g3 b6 4. Bg2 Bb7 5. O-O c5 6. b3 Bg7 7. Bb2 O-O 8. e3 d5 9. cxd5 Na6 10. Qe2 Nb4 11. Na3 Nbxd5 12. Nc4 Rc8 13. d3 b5 14. Nce5 b4 15. Rac1 Nc3 16. Bxc3 bxc3 17. Rxc3 Ng4 18. d4 cxd4 19. Rxc8 Bxc8 20. exd4 Nxe5 21. dxe5 Qb6 22. Rc1 Bh6 23. Rc3 Ba6 24. Qc2 Rd8 25. h4 Bb7 26. Ng5 Bxg2 27. Kxg2 Bxg5 28. hxg5 Qd4 29. Re3 Qd5+ 30. Qe4 Qe6 31. Re2 Rd5 32. Qc4 Kg7 33. a3 a5 34. b4 axb4 35. axb4 Qd7 36. e6 fxe6 37. Qe4 Kf7 38. Qh4 Kg7 39. Qe4 Rxg5 40. Qxe6 Qb7+ 41. Qe4 Rb5 42. Qxb7 Rxb7 43. Rb2 Kf6 44. Kf3 Ke5 45. Ke3 Kd5 46. Kd3 e5 47. Kc3 h5 48. Rd2+ Ke4 49. Kc4 Kf3 50. b5 e4 51. Kc5 g5 52. Kc6 Rb8 53. b6 h4 54. gxh4 gxh4 55. Rd7 Kxf2 56. Rf7+ Kg3 57. Rg7+ Kf3 58. Rh7 Kg3 59. Rg7+ Kf2 60. Rf7+ Kg2 61. Rg7+ Kf3 62. Rf7+ Kg4 63. Rg7+ Kf4 64. Rf7+ Kg5 65. Rg7+ Kf5 66. Rf7+ Ke5 67. Re7+ Kd4 68. Rh7 e3 69. Rxh4+ Kd3 70. Rh3 Kd2 71. Kc7 Rxb6 72. Kxb6 e2 73. Rh2 Kd1 74. Rxe2 Kxe2 1/2-1/2


[Site "https://www.chess.com"]

[Event "Titled Tuesday Blitz February 15 Early 2022"]
[White "Gabdrakhmanov, Azat"]
[Black "Fernandez, Michael"]
[WhiteFideId "34189197"]
[BlackFideId "5803560"]
[WhiteElo "2279"]
[BlackElo "2110"]
[Result "0-1"]
[Round "05"]
[TimeControl "180+1"]
[Date "2022.02.15"]
[WhiteClock "0:00:10"]
[BlackClock "0:00:10"]

1. e4 c6 2. d4 d5 3. e5 Bf5 4. Nf3 e6 5. Be2 a6 6. O-O Ne7 7. b3 Bg4 8. Nbd2 c5 9. c4 Nbc6 10. dxc5 d4 11. h3 Bf5 12. Nh4 Nxe5 13. Re1 Bd3 14. Bf3 N7c6 15. Bxc6+ Nxc6 16. Ndf3 Bg6 17. b4 Nxb4 18. Nxg6 hxg6 19. Bg5 Qd7 20. Ne5 Qc7 21. Rb1 Nc6 22. Nxc6 Qxc6 23. Qxd4 Rh5 24. Bf4 Rd8 25. Qb2 Rxc5 26. Be5 f6 27. Bxf6 gxf6 28. Qxf6 Rd6 29. Qxg6+ Kd8 30. Qg8 Qe8 31. Rb3 b6 32. Qg4 Qd7 33. Rbe3 Kc7 34. Rf3 Be7 35. Rf7 Rcc6 36. Qg7 Rd1 37. Rxd1 Qxd1+ 38. Kh2 Qd6+ 39. g3 Rxc4 40. Rxe7+ Kc6 41. Qf7 Rc2 42. Qe8+ Kc5 43. Rf7 Kb4 44. a3+ Kxa3 45. Rf3+ Kb2 46. Qg6 Qd1 47. Qe4 Rc3 48. Qb4+ Qb3 49. Qxb3+ Kxb3 50. Rf6 b5 51. Rxe6 a5 52. h4 a4 53. h5 a3 54. h6 Rc7 55. Ra6 a2 56. g4 Kb2 57. Ra5 b4 58. Rb5 b3 59. Ra5 a1=Q 60. Rxa1 Kxa1 61. g5 b2 62. g6 b1=Q 63. g7 Qh7 64. Kg3 Rxg7+ 65. hxg7 Qxg7+ 0-1


[Site "https://www.chess.com"]

[Event "Titled Tuesday Blitz February 15 Early 2022"]
[White "Gaehwiler, Gabriel"]
[Black "Indjic, Aleksandar"]
[WhiteFideId "1314530"]
[BlackFideId "911925"]
[WhiteElo "2383"]
[BlackElo "2616"]
[Result "0-1"]
[Round "05"]
[TimeControl "180+1"]
[Date "2022.02.15"]
[WhiteClock "0:00:11"]
[BlackClock "0:00:51"]

1. Nf3 d5 2. d4 e6 3. c4 a6 4. Nbd2 Nf6 5. g3 Bd6 6. Bg2 Nc6 7. O-O O-O 8. b3 b6 9. Bb2 Bb7 10. Rc1 Ne4 11. cxd5 exd5 12. Nxe4 dxe4 13. Ne5 Ne7 14. Qc2 f5 15. d5 Bxd5 16. Rfd1 Bxe5 17. Bxe5 c6 18. Ba1 Qe8 19. Qd2 Qg6 20. Qf4 b5 21. h3 Rf7 22. Kh2 h6 23. Rd2 Kh7 24. Rcd1 Qe6 25. Qe5 Qxe5 26. Bxe5 a5 27. Rc1 a4 28. b4 a3 29. e3 Ng6 30. Bd6 Rd7 31. Bc5 Ne5 32. Bd4 Nd3 33. Rb1 Ra4 34. Bc3 Bc4 35. Bf1 Rd5 36. Kg1 g5 37. Bxd3 Bxd3 38. Rc1 c5 39. bxc5 Rc4 0-1


[Site "https://www.chess.com"]

[Event "Titled Tuesday Blitz February 15 Early 2022"]
[White "Galchenko, Matvey"]
[Black "Ambartsumova, Karina"]
[WhiteFideId "24175480"]
[BlackFideId "4166299"]
[WhiteElo "2920"]
[BlackElo "2634"]
[Result "1-0"]
[Round "05"]
[TimeControl "180+1"]
[Date "2022.02.15"]
[WhiteClock "0:00:27"]
[BlackClock "0:00:08"]

1. f4 g6 2. Nf3 Bg7 3. g3 b6 4. Bg2 Bb7 5. O-O e6 6. d3 f5 7. Nc3 Nf6 8. e4 fxe4 9. Ng5 O-O 10. dxe4 h6 11. Nh3 d5 12. e5 Nh7 13. Qg4 Qe8 14. Nf2 Nc6 15. Nd3 Nd4 16. Qd1 c5 17. a4 a5 18. Be3 Nf5 19. Bf2 Bc6 20. b3 Rd8 21. Qe2 Rf7 22. Rad1 Nf8 23. Rfe1 Rc7 24. Nb2 Rf7 25. Nb5 Bxb5 26. axb5 Rc7 27. c4 d4 28. Na4 Rb8 29. g4 Ne7 30. h4 Qf7 31. Bg3 Nd7 32. Be4 Rf8 33. Rf1 Qe8 34. Bd3 Rc8 35. Qe4 Rd8 36. h5 Kh7 37. hxg6+ Kg8 38. f5 exf5 39. gxf5 1-0


[Site "https://www.chess.com"]

[Event "Titled Tuesday Blitz February 15 Early 2022"]
[White "Galyas, Miklos"]
[Black "Dvirnyy, Danyyil"]
[WhiteFideId "707244"]
[BlackFideId "817570"]
[WhiteElo "2551"]
[BlackElo "2716"]
[Result "0-1"]
[Round "05"]
[TimeControl "180+1"]
[Date "2022.02.15"]
[WhiteClock "0:00:04"]
[BlackClock "0:00:11"]

1. c4 b6 2. Nc3 Bb7 3. e4 c5 4. Nge2 Nf6 5. d3 g6 6. g3 Bg7 7. Bg2 O-O 8. O-O Nc6 9. h3 d6 10. Be3 a6 11. d4 e5 12. d5 Nd4 13. f4 exf4 14. gxf4 Nxe2+ 15. Qxe2 b5 16. e5 Nh5 17. Ne4 bxc4 18. Nxd6 Ng3 19. Qf2 Nxf1 20. Rxf1 Rb8 21. Bxc5 Ba8 22. Nxc4 Bxd5 23. Rd1 Bxc4 24. Rxd8 Rfxd8 25. Bd6 Bxa2 26. Bxb8 Rxb8 27. h4 Be6 28. h5 Bf8 29. hxg6 hxg6 30. Be4 Rb4 31. Qc2 a5 32. Kg2 a4 33. Kg3 Rc4 34. Qd3 Rb4 35. Qc2 Rb3+ 36. Kg2 Re3 37. Bxg6 Bd5+ 38. Kf2 Rh3 39. Qc8 Rf3+ 40. Ke2 Rxf4 41. Bc2 Kg7 42. Qd8 Bc4+ 43. Ke3 Rg4 44. Bf5 Rg1 45. Kf2 Bc5+ 0-1


[Site "https://www.chess.com"]

[Event "Titled Tuesday Blitz February 15 Early 2022"]
[White "Gan-Erdene, Sugar"]
[Black "Baches Garcia, Guillermo"]
[WhiteFideId "4902980"]
[BlackFideId "2209764"]
[WhiteElo "2256"]
[BlackElo "2457"]
[Result "1-0"]
[Round "05"]
[TimeControl "180+1"]
[Date "2022.02.15"]
[WhiteClock "0:01:09"]
[BlackClock "0:00:03"]

1. e4 c5 2. Nf3 d6 3. d4 cxd4 4. Nxd4 Nf6 5. Nc3 Nc6 6. Bg5 e6 7. Qd2 h6 8. Bxf6 gxf6 9. O-O-O a6 10. Kb1 Bd7 11. f4 Qb6 12. Nb3 O-O-O 13. g3 Be7 14. Bh3 h5 15. f5 h4 16. Qe2 Rdg8 17. fxe6 fxe6 18. Qc4 Qb4 19. Bxe6 Qxc4 20. Bxc4 Rg5 21. gxh4 Rxh4 22. a3 Ne5 23. Be2 Rg2 24. Nd4 Rhxh2 25. Rxh2 Rxh2 26. Nd5 Bd8 27. Rf1 Bc6 28. Nxf6 Bxf6 29. Rxf6 Bxe4 30. Rxd6 Nc6 31. Bg4+ Kc7 32. Rd7+ Kb6 33. Bf5 Bxf5 34. Nxf5 Ne5 35. Rd4 Nc6 36. Re4 a5 37. Nd6 Kc5 38. Nxb7+ Kd5 39. Rg4 a4 40. Rg5+ Ke4 41. Nc5+ Ke3 42. Nxa4 Nd4 43. Rg3+ Kf2 44. Rd3 Rh1+ 45. Ka2 Nxc2 46. Rd2+ 1-0


[Site "https://www.chess.com"]

[Event "Titled Tuesday Blitz February 15 Early 2022"]
[White "Gant, Chris J"]
[Black "Fiorito, Fabian"]
[WhiteFideId "403946"]
[BlackFideId "100200"]
[WhiteElo "2184"]
[BlackElo "2395"]
[Result "0-1"]
[Round "05"]
[TimeControl "180+1"]
[Date "2022.02.15"]
[WhiteClock "0:00:18"]
[BlackClock "0:01:01"]

1. d4 d5 2. Nf3 Nf6 3. c4 c6 4. g3 Bf5 5. Bg2 e6 6. O-O Be7 7. Qb3 Qb6 8. c5 Qxb3 9. axb3 Na6 10. Bd2 O-O 11. b4 Nc7 12. Nc3 a6 13. Bf4 Nb5 14. Nxb5 axb5 15. Ne5 h6 16. Bd2 Rfd8 17. e3 Ng4 18. Nxg4 Bxg4 19. Ra5 Rxa5 20. bxa5 Ra8 21. Ra1 Be2 22. b4 f6 23. f3 e5 24. Kf2 Bc4 25. Bc3 exd4 26. exd4 Kf7 27. Re1 f5 28. Bh3 g6 29. f4 h5 30. Bg2 h4 31. Bf3 Bf6 32. Ra1 g5 33. Bh5+ Kg7 34. fxg5 Bxg5 35. Re1 Kf6 36. Bf3 Bd3 37. h3 hxg3+ 38. Kxg3 Be4 39. Bd1 Rg8 40. Kh2 Bf4# 0-1


[Site "https://www.chess.com"]

[Event "Titled Tuesday Blitz February 15 Early 2022"]
[White "Garriga Cazorla, Pere"]
[Black "Yang, Kaiqi"]
[WhiteFideId "32011601"]
[BlackFideId "8604398"]
[WhiteElo "2458"]
[BlackElo "2373"]
[Result "1-0"]
[Round "05"]
[TimeControl "180+1"]
[Date "2022.02.15"]
[WhiteClock "0:00:26"]
[BlackClock "0:00:02"]

1. d4 d5 2. c4 e6 3. Nc3 a6 4. cxd5 exd5 5. Nf3 Nf6 6. Bg5 Be6 7. Qb3 Nbd7 8. e3 Bd6 9. Bd3 b5 10. Bf4 Qe7 11. O-O O-O 12. Rac1 Rfb8 13. Ne2 Bg4 14. Bxd6 Qxd6 15. Qc2 Rc8 16. Qc6 Rab8 17. Rc2 Qxc6 18. Rxc6 Rb6 19. Rfc1 Rxc6 20. Rxc6 Nb8 21. Rc2 Nfd7 22. Nf4 Be6 23. Ng5 Nf8 24. b3 h6 25. Nf3 Nfd7 26. a4 bxa4 27. bxa4 c5 28. dxc5 Rxc5 29. Nd4 Rxc2 30. Bxc2 Nc5 31. Kf1 Kf8 32. Ke1 Ke7 33. Kd2 Kd6 34. Kc3 Nc6 35. Nxc6 Kxc6 36. Kb4 Kb6 37. a5+ Kc6 38. Ne2 Bc8 39. Nd4+ Kd6 40. f3 Ne6 41. Nf5+ Kc6 42. Ne7+ Kd7 43. Nxd5 Kd6 44. Nc3 Bb7 45. Be4 Bc8 46. Bd5 Nc5 47. Ne4+ Nxe4 48. Bxe4 f6 49. Kc4 g5 50. Kd4 Bd7 51. Bd3 Bc8 52. g3 Bb7 53. e4 Bc8 54. f4 Bb7 55. Bc4 Bc8 56. e5+ fxe5+ 57. fxe5+ Ke7 58. Kc5 h5 59. Kb6 h4 60. gxh4 gxh4 61. Bxa6 Bf5 62. Bc4 Be4 63. a6 Kd7 64. Kc5 Kc7 65. e6 Kd8 66. Kd6 Ke8 67. Bb5+ 1-0


[Site "https://www.chess.com"]

[Event "Titled Tuesday Blitz February 15 Early 2022"]
[White "Glidzhain, Gor"]
[Black "Mohammed, Dilshad"]
[WhiteFideId "24109932"]
[BlackFideId "5050421"]
[WhiteElo "2229"]
[BlackElo "2153"]
[Result "1-0"]
[Round "05"]
[TimeControl "180+1"]
[Date "2022.02.15"]
[WhiteClock "0:00:15"]
[BlackClock "0:00:01"]

1. e4 e5 2. Nf3 Nc6 3. Bc4 Nf6 4. d3 Be7 5. O-O O-O 6. Re1 d6 7. h3 Na5 8. Bb3 Nxb3 9. axb3 c5 10. c4 Ne8 11. Nc3 f5 12. Nd5 f4 13. b4 b6 14. bxc5 bxc5 15. b4 cxb4 16. Nxb4 Nc7 17. Ba3 Qe8 18. Kf1 Rf6 19. d4 Rg6 20. Nd5 Nxd5 21. exd5 Ba6 22. dxe5 Bxc4+ 23. Kg1 Qd7 24. Kh1 Qb5 25. exd6 Bxd6 26. Bxd6 Rxd6 27. Qd4 Rxd5 28. Qxf4 Rf8 29. Qg4 Rd6 30. Reb1 Qd5 31. Rd1 Qxd1+ 32. Rxd1 Rxd1+ 33. Kh2 Bf7 34. Ng5 Rd6 35. f4 Bg6 36. Qg3 Rdf6 37. Qb3+ Kh8 38. g3 h6 39. Nf3 Re8 40. Ne5 Bh7 41. h4 1-0


[Site "https://www.chess.com"]

[Event "Titled Tuesday Blitz February 15 Early 2022"]
[White "Golsta, Madara"]
[Black "Vivas Zamora, Fabian Ernesto"]
[WhiteFideId "11607386"]
[BlackFideId "3902480"]
[WhiteElo "1997"]
[BlackElo "1966"]
[Result "0-1"]
[Round "05"]
[TimeControl "180+1"]
[Date "2022.02.15"]
[WhiteClock "0:00:02"]
[BlackClock "0:00:09"]

1. e4 e5 2. Nf3 Nc6 3. d4 exd4 4. Nxd4 Nf6 5. Nc3 Bb4 6. Nxc6 bxc6 7. Bd3 d5 8. exd5 O-O 9. O-O Bg4 10. f3 Bh5 11. Be3 cxd5 12. Bf2 Re8 13. Bh4 Qd6 14. Bxf6 Qxf6 15. Nxd5 Bc5+ 16. Kh1 Qd6 17. Nc3 Bd4 18. Ne4 Qh6 19. c3 Be5 20. Qd2 Bf4 21. Qf2 Rad8 22. Rad1 Bxh2 23. Kxh2 Bxf3+ 24. Kg1 Bxd1 25. Rxd1 Rxe4 26. Qf3 Ree8 27. Rf1 Qb6+ 28. Kh1 Qe6 29. Bc2 Qh6+ 30. Kg1 Qe3+ 31. Qxe3 Rxe3 32. Bb3 Rd7 33. Rf2 Re1+ 34. Kh2 g6 35. Rf4 Re2 36. Rb4 Rxb2 37. Ra4 Kg7 38. Rxa7 Rdd2 0-1


[Site "https://www.chess.com"]

[Event "Titled Tuesday Blitz February 15 Early 2022"]
[White "Goltseva, Ekaterina"]
[Black "Mikhnenko, Alexander"]
[WhiteFideId "24173770"]
[BlackFideId "34143014"]
[WhiteElo "2140"]
[BlackElo "2140"]
[Result "1-0"]
[Round "05"]
[TimeControl "180+1"]
[Date "2022.02.15"]
[WhiteClock "0:00:14"]
[BlackClock "0:00:13"]

1. d4 Nf6 2. c4 e6 3. Nc3 Bb4 4. e3 O-O 5. Bd2 d5 6. Nf3 dxc4 7. Bxc4 a6 8. O-O b5 9. Bd3 Bb7 10. Ne4 Bxd2 11. Nfxd2 Nxe4 12. Nxe4 Nd7 13. Qc2 Rc8 14. Nc5 Nxc5 15. Qxc5 Qd5 16. Qxd5 Bxd5 17. Rfc1 f5 18. a4 c6 19. axb5 axb5 20. Ra7 g5 21. f3 Rb8 22. b4 Ra8 23. Rca1 Rxa7 24. Rxa7 Rb8 25. Kf2 h5 26. e4 fxe4 27. fxe4 Bc4 28. Ke3 Rf8 29. Bxc4 bxc4 30. Rc7 Rf1 31. Rxc6 Re1+ 32. Kf3 Rf1+ 33. Ke2 Rb1 34. Rxe6 Rxb4 35. Rg6+ Kf7 36. Rxg5 Rb2+ 37. Kf3 Rd2 38. Ke3 Rd3+ 39. Kf4 Rxd4 40. Rxh5 c3 41. Rc5 Rd2 42. Kf3 c2 43. h4 Ke6 44. g4 Kd6 45. Rc8 Kd7 46. Rc4 Rd3+ 47. Kf4 Rd2 48. h5 Ke6 49. h6 Kf7 50. Kg5 Re2 51. Rc7+ Ke6 52. h7 Rh2 53. Kg6 Rh4 54. g5 1-0


[Site "https://www.chess.com"]

[Event "Titled Tuesday Blitz February 15 Early 2022"]
[White "Golubenko, Valentina"]
[Black "Jain Kashish Manoj"]
[WhiteFideId "4501993"]
[BlackFideId "35081098"]
[WhiteElo "2164"]
[BlackElo "1681"]
[Result "0-1"]
[Round "05"]
[TimeControl "180+1"]
[Date "2022.02.15"]
[WhiteClock "0:00:16"]
[BlackClock "0:00:10"]

1. d4 Nf6 2. g3 g6 3. Bg2 Bg7 4. c4 O-O 5. d5 c5 6. Nc3 d6 7. Nf3 a6 8. a4 e6 9. O-O exd5 10. cxd5 Re8 11. Bf4 h6 12. h4 Nh5 13. Bd2 Nd7 14. Rb1 Nhf6 15. Bf4 Nb6 16. Qc1 Kh7 17. e4 Nxe4 18. Nxe4 Rxe4 19. Ng5+ hxg5 20. Bxg5 Qe8 21. Bxe4 Qxe4 22. Re1 Qxd5 23. Rd1 Qf3 24. Qf4 Qxf4 25. Bxf4 Bf5 26. Rbc1 Bxb2 27. Rxd6 Bxc1 28. Bxc1 Nxa4 29. f3 Be6 30. Be3 c4 31. g4 c3 32. Rd1 c2 33. Rc1 Rc8 34. Kf2 Nb2 35. Ke2 b5 36. Kd2 Nc4+ 37. Kd3 Nxe3 38. Kxe3 b4 39. f4 Bxg4 40. Kd2 b3 41. Rg1 Bd1 42. Kc1 b2+ 43. Kxb2 c1=Q+ 44. Ka2 Rc2+ 45. Kb3 Rb2+ 46. Ka3 Qa1# 0-1


[Site "https://www.chess.com"]

[Event "Titled Tuesday Blitz February 15 Early 2022"]
[White "Gracia Alvarez, Gerardo Antonio"]
[Black "Cherniaiev, Tykhon"]
[WhiteFideId "5109124"]
[BlackFideId "14182360"]
[WhiteElo "2139"]
[BlackElo "2289"]
[Result "0-1"]
[Round "05"]
[TimeControl "180+1"]
[Date "2022.02.15"]
[WhiteClock "0:00:04"]
[BlackClock "0:00:45"]

1. c4 e5 2. Nc3 Bb4 3. Nf3 Nc6 4. e4 Nf6 5. d3 h6 6. a3 Bxc3+ 7. bxc3 O-O 8. g3 d6 9. Bg2 Nd7 10. Nh4 Ne7 11. Be3 c6 12. O-O Nf6 13. d4 Ng4 14. Bc1 exd4 15. cxd4 Re8 16. h3 Nf6 17. Bb2 Ng6 18. Nxg6 fxg6 19. Qc2 Be6 20. e5 dxe5 21. dxe5 Bf5 22. Qb3 Nd7 23. Rfd1 Qb6 24. Qc3 Nc5 25. a4 Qb3 26. Qd4 Rad8 27. Qxc5 Rxd1+ 28. Rxd1 Qxd1+ 29. Kh2 Qd2 30. Ba3 Be6 31. Qxa7 Bxc4 32. Qxb7 Bd5 33. Bc5 Bxg2 0-1


[Site "https://www.chess.com"]